Unix NetHack Version 5.0.0-0 post-release - last build May 17 2026 04:57:42 (dc50c8380fa5e20985bfe3072449f57b8d9895ef,branch:main).

Game began 2026-05-21 02:05:02, ended 2026-05-21 02:41:36.

Kwijibo4686, neutral female human Valkyrie

                                ----   --------
                                |..-----......|
                                |.....^.......|
                                |^------......|
                                |.|    |..Y...|
                                |^|------.----|
                                |^||...%|.....|
                                |^||.```|..``.|
                                |^|-.`...%....|
                                |<|>...---.%..|
                                -------- ------

Kwijibo4686 the Fighter     St:17 Dx:12 Co:18 In:7 Wi:11 Ch:10  Neutral
Dlvl:5  $:0  HP:0(74) Pw:15(15) AC:3  Xp:7 T:4187  Satiated

Latest messages:
 You hear a boulder fall.
 With great effort you move the boulder.
 The boulder suddenly rolls away from you!
 You hear a boulder fall.
 With great effort you move the boulder.
 The boulder suddenly rolls away from you!
 You hear a boulder fall.
 You escape a rolling boulder trap.
 You see here a food ration.
 You have a little trouble lifting a food ration.  Continue? [ynq] (q) q
 With great effort you move the boulder.
 With great effort you move the boulder.
 You see here a cream pie.
 You see here a cream pie.
 With great effort you move the boulder.
 With great effort you move the boulder.
 With great effort you move the boulder.
 The boulder suddenly rolls away from you!
 Thump!
 Click!  You trigger a rolling boulder trap!
 No boulder was released.
 C - a scroll labeled GARVEN DEH.
 E - a scroll labeled GARVEN DEH.
 The boulder suddenly rolls away from you!
 You hear a boulder fall.
 What do you want to call? [afklopsu-xB-ELUZ or ?*] ?
 Call a scroll labeled GARVEN DEH: earth
 Click!  You trigger a rolling boulder trap!
 No boulder was released.
 The owlbear hits!
 The owlbear hits again!
 The owlbear grabs you!
 You miss the owlbear.
 The owlbear hits!
 The owlbear misses!
 You are being crushed.
 You hit the owlbear.
 The owlbear misses!
 The owlbear hits!
 You are being crushed.
 You hit the owlbear!
 The owlbear hits!
 The owlbear hits again!
 You are being crushed.
 You hit the owlbear.
 The owlbear misses!
 The owlbear hits!
 You are being crushed.
 You die...
 Do you want your possessions identified? [ynq] (y) q

Inventory:
 Amulets  ('"')
  B - a cursed amulet of change
  o - an uncursed amulet of flying
 Weapons  (')')
  b - a +0 dagger (alternate weapon; not wielded)
  S - a very rusty +1 spear (weapon in right hand)
 Armor    ('[')
  y - an uncursed +0 dwarvish iron helm (being worn)
  z - an uncursed +0 pair of iron shoes
  Z - an uncursed +0 pair of jumping boots
  l - an uncursed +0 pair of kicking boots (being worn)
  c - an uncursed +3 small shield (being worn)
 Comestibles  ('%')
  A - 2 uncursed food rations
 Scrolls  ('?')
  E - a blessed scroll of earth
  C - an uncursed scroll of earth
 Rings    ('=')
  v - an uncursed ring of slow digestion
 Wands    ('/')
  k - a wand of create monster (0:13)
  u - a wand of fire (0:8)
  N - a wand of magic missile (0:1)
  s - a wand of polymorph (0:8)
  f - a wand of slow monster (0:6)
  w - a wand of slow monster (0:5)
  x - a wand of striking (0:7)
  K - a wand of teleportation (0:4)
  D - a wand of wishing (0:1)
 Tools    ('(')
  a - an uncursed sack containing 35 items
  L - an empty uncursed sack
  J - an uncursed blindfold
  p - an uncursed skeleton key
  F - an uncursed stethoscope
  U - an uncursed tin whistle

Contents of the sack:
  292 gold pieces
  an uncursed slime mold
  5 uncursed food rations
  an uncursed fortune cookie
  an uncursed pancake
  4 uncursed tripe rations
  an uncursed tin of blue jelly
  an uncursed lichen corpse
  2 uncursed scrolls of identify
  an uncursed scroll of amnesia
  an uncursed scroll of light
  an uncursed scroll of genocide
  an uncursed scroll of create monster
  an uncursed scroll of enchant armor
  a cursed scroll of magic mapping
  an uncursed scroll of magic mapping
  a blessed scroll of destroy armor
  an uncursed scroll of destroy armor
  an uncursed scroll of fire
  an uncursed scroll of teleportation
  an uncursed scroll of remove curse
  3 uncursed scrolls of blank paper
  a cursed potion of extra healing
  an uncursed potion of levitation
  an uncursed potion of water
  a blessed potion of fruit juice
  an uncursed potion of oil
  a cursed potion of gain ability
  3 uncursed potions of healing
  an uncursed potion of monster detection
  an uncursed potion of paralysis
  an uncursed ring of conflict
  a cursed ring of aggravate monster
  an uncursed tallow candle
  a cursed partly used wax candle

Kwijibo4686 the Valkyrie's attributes:

Background:
 You were a Fighter, a level 7 human Valkyrie.
 You were neutral, on a mission for Odin
 who was opposed by Tyr (lawful) and Loki (chaotic).
 You were right-handed.
 You were in Sokoban, on level 5.
 You entered the dungeon 4187 turns ago.
 It was nighttime.
 You had 1266 experience points, 14 more were needed to attain level 8.

Basics:
 You had 0 out of 74 hit points.
 You had all 15 energy points (spell power).
 Your armor class was 3.
 Your wallet was empty, but
 you had 292 zorkmids stashed away in your pack.
 Autopickup was on for '$?!/="' plus thrown.

Final Characteristics:
 Your strength was 17 (peak:18, limit:18/100).
 Your dexterity was 12 (limit:18).
 Your constitution was 18 (limit:18).
 Your intelligence was 7 (limit:18).
 Your wisdom was 11 (limit:18).
 Your charisma was 10 (limit:18).

Final Status:
 You were held by an owlbear (southeast).
 You were satiated.
 You were unencumbered.
 You were wielding a spear.
 You were skilled in spear and could have enhanced that.

Final Attributes:
 You were piously aligned.
 You were cold resistant.
 You were telepathic.
 You were invisible.
 You were stealthy.
 You were fast.
 You are dead.

Miscellaneous:
 You didn't encounter any bones levels.
 Total elapsed playing time was 36 minutes and 33 seconds.

Major events:
 Turn
    1: Kwijibo4686 the neutral human Valkyrie entered the dungeon
  763: entered the Gnomish Mines
  821: attained the rank of Skirmisher (level 3)
 1705: attained the rank of Fighter (level 6)
 1878: reached Mine Town
 4082: entered Sokoban
 4187: killed by an owlbear

You didn't know any spells.

Skills:
 Fighting Skills
   bare handed combat [Unskilled]
   two weapon combat  [Unskilled]
   riding             [Unskilled]
 Weapon Skills
   dagger             [Basic]
   axe                [Unskilled]
   pick-axe           [Unskilled]
   short sword        [Unskilled]
   broadsword         [Unskilled]
   long sword         [Unskilled]
   two-handed sword   [Unskilled]
   saber              [Unskilled]
   hammer             [Unskilled]
   quarterstaff       [Unskilled]
   polearms           [Unskilled]
   spear              [Skilled]
   trident            [Unskilled]
   lance              [Unskilled]
   sling              [Unskilled]
 Spellcasting Skills
   attack spells      [Unskilled]
   escape spells      [Unskilled]

Voluntary challenges:
 Character rerolling was not enabled.
 You never genocided any monsters.
 You never polymorphed an object.
 You never changed form.
 You used no wishes.
 You did not violate any of the special Sokoban rules.
Achievements:
 You entered the Gnomish Mines.
 You attained the rank of Skirmisher.
 You attained the rank of Fighter.
 You entered Minetown.
 You entered a shop.
 You entered a temple.
 You entered Sokoban.

 The Dungeons of Doom: levels 1 to 7
    Level 1:
       A sink.
    Level 2:
       A fountain.
    Level 3:
       Stairs down to The Gnomish Mines.
    Level 4:
    Level 5:
       Many fountains.
    Level 6:
       Stairs up to Sokoban, level 5.
    Level 7:
 The Gnomish Mines: levels 4 to 9
    Level 4:
    Level 5:
    Level 6:
    Level 7:
       Many shops, a temple and an altar, many fountains.
    Level 8:
    Level 9:
 Sokoban:
    Level 5: <- You were here.
       Unsolved.
       Final resting place for
          you, killed by an owlbear.


Vanquished creatures:
 an ochre jelly
  a giant beetle
  a dust vortex
  3 apes
  a Woodland-elf
  2 imps
  a rock mole
  2 violet fungi
 11 gnome leaders
  3 gnomish wizards
  a straw golem
  a paper golem
  2 little dogs
  a floating eye
 13 dwarves
  a homunculus
  a rothe
  a rabid rat
  2 giant bats
  5 iguanas
 an acid blob
  2 hobbits
  4 manes
  a large kobold
  a cave spider
  3 red molds
 50 gnomes
  3 geckos
  3 jackals
  2 foxes
  2 kobolds
  2 goblins
  a sewer rat
  5 grid bugs
  4 lichens
  a kobold zombie
  7 newts
146 creatures vanquished.

No species were genocided or became extinct.

Game over:
                       ----------
                      /          \
                     /    REST    \
                    /      IN      \
                   /     PEACE      \
                  /                  \
                  |   Kwijibo4686    |
                  |      292 Au      |
                  |   killed by an   |
                  |     owlbear      |
                  |                  |
                  |                  |
                  |       2026       |
                 *|     *  *  *      | *
        _________)/\\_//(\/(/\)/\//\/|_)_______

Farvel Kwijibo4686 the Valkyrie...

You died in Sokoban on dungeon level 5 with 5727 points,
and 292 pieces of gold, after 4187 moves.
You were level 7 with a maximum of 74 hit points when you died.

